 Dungeon Crawl Stone Soup version 0.31-a0-217-g58bb5d79cf (webtiles) character file.

Game seed: 6375785745646051168

119 qw the Chopper (level 5, -3/32 HPs)
             Began as a Gargoyle Fighter on July 2, 2023.
             Slain by a gnoll
             ... wielding a +0 whip
              (5 damage)
             ... on level 3 of the Dungeon.
             The game lasted 00:01:01 (1943 turns).

qw the Chopper (Gargoyle Fighter)                   Turns: 1943, Time: 00:01:02

Health: -3/32      AC: 10    Str: 21    XL:     5   Next: 3%
Magic:  5/5        EV:  9    Int:  9    God:
Gold:   139        SH:  4    Dex:  9    Spells: 4/4 levels left

rFire   . . .        Y - +0 war axe
rCold   + . .        c - +0 buckler
rNeg    + . .        b - +0 scale mail
rPois   inf          (no helmet)
rElec   +            (no cloak)
rCorr   .            (no gloves)
SInv    .            (no boots)
Will    .....        (no amulet) Stlth
                     n - ring of protection from cold
HPRegen 0.25/turn    (no ring)
MPRegen 0.09/turn

%: no passive effects
@: about to teleport
A: sickness immunity, AC +4, negative energy resistance 1, electricity
resistance, torment resistance 1, petrification resistance
a: no special abilities


You were on level 3 of the Dungeon.
You visited 1 branch of the dungeon, and saw 3 of its levels.

You collected 139 gold pieces.


Innate Abilities, Weirdness & Mutations

You are immune to sickness and miasma.
Your stone body is resilient. (AC +4)
You are immune to poison.
You resist negative energy. (rN+)
You are resistant to electric shocks. (rElec)
You are resistant to unholy torment.
You are immune to petrification.


   Skills:
 - Level 3.2 Fighting
 + Level 4.3 Axes
 - Level 1.1 Throwing
 - Level 3.2 Armour
 - Level 3.2 Shields


You had 4 spell levels left.
You didn't know any spells.
Your spell library was empty.

Inventory:

Hand Weapons
 e - a +0 mace
 Y - a +0 war axe (weapon)
Missiles
 i - a silver javelin (quivered)
Armour
 b - a +0 scale mail (worn)
 c - a +0 buckler (worn)
Jewellery
 n - a ring of protection from cold (left hand)
Scrolls
 f - a scroll of identify
Potions
 d - a potion of might
 h - a potion of lignification {unknown}
 l - a potion of resistance {unknown}

Dungeon Overview and Level Annotations

Branches:
Dungeon (3/15)

Altars:
Cheibriados


Message History

The silver javelin closely misses the iron imp.
A gnoll comes into view. It is wielding a +0 flail.
You block the iron imp's attack.
You hit the iron imp.
The iron imp is moderately wounded.
The iron imp closely misses you.
You hit the iron imp but do no damage.
The iron imp is moderately wounded.
The iron imp hits you but does no damage.
You hit the iron imp but do no damage.
The iron imp is moderately wounded.
The iron imp hits you.
You hit the iron imp.
The iron imp is moderately wounded.
The iron imp hits you!
You barely miss the iron imp.
The iron imp is moderately wounded.
A gnoll comes into view. It is wielding a +0 whip.
The iron imp hits you. The gnoll closely misses you.
You barely miss the iron imp.
The iron imp is moderately wounded.
The gnoll shouts! x2
You hit the gnoll. The iron imp hits you! You block the gnoll's attack.
1940 ||| READING scroll of teleportation.
As you read the scroll of teleportation, it crumbles to dust.
You feel strangely unstable. The gnoll completely misses you.
The iron imp hits you but does no damage.
You slash the gnoll!
You kill the gnoll!
You hit the iron imp. The iron imp barely misses you.
Your Throwing skill increases to level 1!
You slash the iron imp!
You kill the iron imp!
Your Axes skill increases to level 4!
You have reached level 5!
You closely miss the gnoll. You hit the gnoll.
The gnoll hits you with a +0 whip. x2
You die...

#. #.#.# #..#.##
#.#####.#.#########..#..#
.....................<..##
........).................
..........##.######.....##
..###.#.#.##..............
.....................#####
...##.#.###..####.... ..
#....@...# ###..
........gg)..# #..
...###.....### .. #.....#
#.....# ....... .........
....._(...g


You could see 2 gnolls.

Vanquished Creatures
  An iron imp (D:3)
  3 adders
  A gnoll (D:3)
  A dart slug (D:1)
  An orc (D:3)
  4 endoplasms
  5 giant cockroaches (D:1)
  4 goblins
  3 hobgoblins
  3 jackals (D:1)
  2 quokkas
  4 ball pythons
  6 bats
  4 frilled lizards
  4 kobolds
  3 rats
49 creatures vanquished.

Notes
Turn   | Place    | Note
-------+----------+-------------------------------------------
     0 | D:1      | qw the Gargoyle Fighter began the quest for the Orb.
     0 | D:1      | Reached XP level 1. HP: 14/14 MP: 1/1
     0 | D:1      | 0 ||| qw: Version: 0.3-a-40-ge99b1a8
     0 | D:1      | 0 ||| qw: Game counter: 262
     0 | D:1      | 0 ||| qw: Melee chars always use a shield: true
     0 | D:1      | 0 ||| qw: God list: Okawaru
     0 | D:1      | 0 ||| qw: Allow faded altars: false
     0 | D:1      | 0 ||| qw: Do Orc after clearing Dungeon:15 true
     0 | D:1      | 0 ||| qw: Do second Lair branch before Depths: true
     0 | D:1      | 0 ||| qw: Lair rune preference: random
     0 | D:1      | 0 ||| qw: Goals: Normal, Zot:1-4, Slime:5, God:TSO, Crypt,
                  | Tomb, Abyss, Pan, Hells, Win
     0 | D:1      | 0 ||| PLANNING D:1-11
    56 | D:1      | Reached skill level 2 in Axes
   118 | D:1      | 118 ||| Stepping ~*~*~tactically~*~*~ (stealth).
   126 | D:1      | Reached XP level 2. HP: 19/19 MP: 2/2
   165 | D:1      | 165 ||| Stepping ~*~*~tactically~*~*~ (hiding).
   166 | D:1      | 166 ||| Stepping ~*~*~tactically~*~*~ (hiding).
   167 | D:1      | 167 ||| Stepping ~*~*~tactically~*~*~ (hiding).
   269 | D:1      | 269 ||| Stepping ~*~*~tactically~*~*~ (hiding).
   270 | D:1      | 270 ||| Stepping ~*~*~tactically~*~*~ (hiding).
   272 | D:1      | 272 ||| Stepping ~*~*~tactically~*~*~ (hiding).
   280 | D:1      | Reached skill level 3 in Axes
   447 | D:1      | Reached XP level 3. HP: 23/23 MP: 3/3
   481 | D:1      | 481 ||| Stepping ~*~*~tactically~*~*~ (stealth).
   894 | D:1      | 894 ||| UPGRADING to ring of protection from cold.
   895 | D:1      | 895 ||| READING scroll labelled BITYAMEXKE.
   896 | D:1      | 896 ||| READING scroll labelled MIWOTHRYHIJ.
   914 | D:1      | 914 ||| READING scroll labelled OLACHYSETEL.
   915 | D:1      | 915 ||| READING scroll labelled AMEAD ADAOTA.
   916 | D:1      | 916 ||| READING scroll labelled SASA OFISETT.
   917 | D:1      | 917 ||| READING scroll labelled YMUHEFISK FINA.
   918 | D:1      | 918 ||| READING scroll labelled BAOH ZIXEUNUW.
   919 | D:1      | 919 ||| READING scroll labelled GAZILA OSHRERCH.
   975 | D:2      | 975 ||| Stepping ~*~*~tactically~*~*~ (stealth).
  1111 | D:2      | 1111 ||| Stepping ~*~*~tactically~*~*~ (stealth).
  1112 | D:2      | 1112 ||| Stepping ~*~*~tactically~*~*~ (stealth).
  1458 | D:2      | Reached XP level 4. HP: 28/28 MP: 4/4
  1496 | D:2      | 1496 ||| Stepping ~*~*~tactically~*~*~ (hiding).
  1500 | D:2      | 1500 ||| Stepping ~*~*~tactically~*~*~ (hiding).
  1847 | D:2      | 1847 ||| READING 2 scrolls of identify.
  1847 | D:2      | 1847 ||| IDENTIFYING purple potion
  1848 | D:2      | 1848 ||| DROPPING potion of ambrosia.
  1928 | D:3      | Found a snail-covered altar of Cheibriados.
  1929 | D:3      | 1929 ||| Stepping ~*~*~tactically~*~*~ (stealth).
  1939 | D:3      | HP: 4/28 [iron imp (9)]
  1940 | D:3      | 1940 ||| READING scroll of teleportation.
  1942 | D:3      | Reached skill level 1 in Throwing
  1943 | D:3      | Reached skill level 4 in Axes
  1943 | D:3      | Reached XP level 5. HP: 6/32 MP: 5/5
  1943 | D:3      | Slain by a gnoll

Levels and vault maps discovered:
D:1:      giann_wishing_wells, layout_basic
D:2:      layout_basic, grunt_decor_resistance, serial_bayou_lagoon_b
D:3:      minmay_chambers_of_threes, layout_basic,
          mainiacjoe_overflow_cross_hatched, slow_altar_1

Skill      XL: |  1  2  3  4 |
---------------+-------------+-----
Axes           | 2 3 4 |  4.3
Throwing       | 1 |  1.1
Fighting       | |  3.2
Armour         | |  3.2
Shields        | |  3.2

Action                     |  1- 3 |  4- 6 || total
---------------------------+-------+-------++-------
  Melee: War axe           |   138 |    29 ||   167
  Throw: Javelin           |       |     8 ||     8
    Use: Scroll            |     8 |     2 ||    10
 Armour: Scale mail        |    80 |    14 ||    94
  Dodge: Dodged            |    69 |    15 ||    84
  Block: Buckler           |    21 |     8 ||    29

Table legend:
 A = Non-vault XP
 B = Vault XP
 C = Vault XP percentage of total XP
 D = Non-vault monster count
 E = Vault monster count
 F = Vault count percentage of total count
                 A         B        C        D         E       F
            +---------+---------+-------+---------+---------+-------
      Total |     131 |      39 |  22.9 |      48 |       1 |   2.0
            +---------+---------+-------+---------+---------+-------
        D:1 |      50 |       0 |   0.0 |      29 |       0 |   0.0
        D:2 |      49 |       0 |   0.0 |      15 |       0 |   0.0
        D:3 |      32 |      39 |  54.9 |       4 |       1 |  20.0
            +---------+---------+-------+---------+---------+-------
